 Dungeon Crawl Stone Soup version 0.32-a0-163-g159c032296 (webtiles) character file.

Game seed: 9480603960391685518

339 Newt the Skirmisher (level 6, -2/39 HPs)
             Began as a Kobold Hunter on Feb 12, 2024.
             Slain by Edmund
             ... wielding a +3 heavy flail
              (14 damage)
             ... on level 4 of the Dungeon.
             The game lasted 00:03:50 (2772 turns).

Newt the Skirmisher (Kobold Hunter)                 Turns: 2772, Time: 00:03:50

Health: -2/39      AC:  5    Str:  9    XL:     6   Next: 86%
Magic:  6/6        EV: 15    Int: 10    God:
Gold:   98         SH:  0    Dex: 26    Spells: 5/5 levels left

rFire   . . .        a - +0 shortbow (freeze)
rCold   . . .        (shield currently unavailable)
rNeg    . . .        c - +0 leather armour
rPois   .            (no helmet)
rElec   .            (no cloak)
rCorr   .            p - +1 pair of gloves
SInv    .            (no boots)
Will    .....        (no amulet)
Stlth   +++          j - +6 ring of dexterity
HPRegen 0.26/turn    (no ring)
MPRegen 0.10/turn

%: no passive effects
@: no status effects
A: small, no large weapons, nightstalker 3
a: no special abilities


You were on level 4 of the Dungeon.
You visited 1 branch of the dungeon, and saw 4 of its levels.

You collected 98 gold pieces.

Inventory:

Hand Weapons
 a - a +0 shortbow of freezing (weapon)
Armour
 c - a +0 leather armour (worn)
 p - a +1 pair of gloves (worn)
Jewellery
 j - a +6 ring of dexterity (left hand)
 n - a +6 ring of strength
Scrolls
 b - 2 scrolls of butterflies
Potions
 d - 2 potions of curing {unknown}
 g - a potion of brilliance
 i - a potion of haste {unknown}
 k - a potion of attraction {unknown}
 q - a potion of invisibility {unknown}


   Skills:
 + Level 4.5 Fighting
 * Level 8.8 Ranged Weapons
 - Level 2.4 Dodging
 - Level 1.3 Stealth


You had 5 spell levels left.
You didn't know any spells.
Your spell library contained the following spells:

 Spells                   Type           Power      Damage    Failure   Level
 Dazzling Flash           Conj/Hex       0%         N/A       85%         3
 Mephitic Cloud           Conj/Alch/Air  0%         N/A       85%         3
 Curse of Agony           Necr           0%         N/A       100%        5
 Silence                  Hex/Air        0%         N/A       100%        5


Dungeon Overview and Level Annotations

Branches:
Dungeon (4/15)             Temple (0/1) D:4

Altars:

Shops:
D:2 (

Annotations:
D:4 Edmund, Natasha


Innate Abilities, Weirdness & Mutations

You are small and have problems with some larger weapons.
You are completely attuned to the shadows.


Message History

You kill the adder!
No target in view!
No target in view!
You see here an adder corpse.
Edmund is nearby!
You shoot an arrow. The arrow hits Edmund.
The arrow freezes Edmund.
Edmund is lightly wounded.
You shoot an arrow.
The arrow hits Edmund but does no damage.
Edmund is lightly wounded.
You shoot an arrow. The arrow completely misses Edmund.
You shoot an arrow. The arrow hits Edmund.
The arrow freezes Edmund.
Edmund is moderately wounded.
Edmund hits you with a +3 heavy flail.
Unknown command.
You shoot an arrow. The arrow closely misses Edmund.
You shoot an arrow. The arrow hits Edmund.
The arrow freezes Edmund.
Edmund is moderately wounded.
Edmund hits you with a +3 heavy flail!
You shoot an arrow. The arrow hits Edmund.
The arrow freezes Edmund.
Edmund is heavily wounded.
Edmund hits you with a +3 heavy flail.
You shoot an arrow.
The arrow hits Edmund but does no damage.
Edmund is heavily wounded.
You shoot an arrow. The arrow hits Edmund!
The arrow freezes Edmund.
Edmund is severely wounded.
Edmund misses you.
You shoot an arrow. The arrow hits Edmund.
The arrow freezes Edmund.
Edmund is severely wounded.
Edmund hits you with a +3 heavy flail!
You are too injured to fight recklessly!
You shoot an arrow.
The arrow hits Edmund but does no damage.
Edmund is severely wounded.
You shoot an arrow. The arrow hits Edmund.
The arrow freezes Edmund.
Edmund is almost dead.
Edmund hits you with a +3 heavy flail!
You die...
Edmund whines, "They better pay attention to me now!"

*,**,* *,**,* #########
***,**,* ######....†..#
,,*,**,* #....#.#####.#
,,*,**,***#.#....#...#.#
,,*,,,,,,,#.######.....#
,,***,***,#......#...#####
,,*,,,,,*,######.#.......#
,,*,*,*+*,*,,,,#@###..##.##
,,*,*,,,,,**,*.#@.........#
,,*,+,,,,,,,,*.#...>..#...#
,,***,,,,***##.#.####.#.#.#
,,,,*,,,,* ##.l...#...#.#.#
,,,,*,,,,**#.<@...#.###.#.#
,,,,,,,,,+.........>..#.#.#
,,,,,,,,,###...#..#.#.#.#.#
,,,,,,,,,* ######.#...#†..#


You could see Edmund.

Vanquished Creatures
  A scorpion (D:2)
  2 hounds (D:4)
  An orc priest (D:3)
  Jessica (D:3)
  An orc wizard (D:3)
  7 adders
  2 dart slugs (D:1)
  A ribbon worm (D:2)
  3 orcs (D:3)
  7 endoplasms
  4 giant cockroaches
  3 goblins
  5 hobgoblins
  3 jackals (D:2)
  2 quokkas
  5 ball pythons
  5 bats
  6 frilled lizards
  13 kobolds
  7 rats
79 creatures vanquished.

Notes
Turn   | Place    | Note
-------+----------+-------------------------------------------
     0 | D:1      | Newt the Kobold Hunter began the quest for the Orb.
     0 | D:1      | Reached XP level 1. HP: 12/12 MP: 1/1
   103 | D:1      | Reached XP level 2. HP: 18/18 MP: 2/2
   125 | D:1      | You fall into a shaft and drop 1 floor!
   147 | D:2      | Noticed a scorpion
   150 | D:2      | Killed a scorpion
   151 | D:2      | Reached skill level 6 in Ranged Weapons
   151 | D:2      | Reached XP level 3. HP: 23/23 MP: 3/3
   151 | D:2      | Reached XP level 4. HP: 28/28 MP: 4/4
   162 | D:2      | Found Cozigi's Weapon Emporium.
   246 | D:1      | Found a faded altar of an unknown god.
   371 | D:1      | Reached skill level 7 in Ranged Weapons
   672 | D:1      | Reached XP level 5. HP: 31/32 MP: 5/5
  2110 | D:3      | Noticed Jessica
  2111 | D:3      | Killed Jessica
  2126 | D:3      | Reached XP level 6. HP: 29/38 MP: 6/6
  2128 | D:3      | Reached skill level 8 in Ranged Weapons
  2642 | D:4      | Noticed Edmund
  2643 | D:4      | Noticed Natasha
  2772 | D:4      | Slain by Edmund

Illustrated notes

Levels and vault maps discovered:
D:1:      amcnicky_arrival_underground_garden, layout_loops_corners,
          shapermc_ecumenical_altar_gd, amethyst_killhole
D:2:      layout_basic, serial_shops, shop
D:3:      layout_basic, uniq_jessica
D:4:      layout_basic, minmay_temple_entry_nine_rooms, serial_shops,
          nicolae_lakefront_shop, uniq_natasha, uniq_edmund

Skill      XL: |  1  2  3  4  5  6 |
---------------+-------------------+-----
Fighting       | 3 4 |  4.5
Ranged Weapons | 6 7 8 |  8.8
Dodging        | |  2.4
Stealth        | |  1.3

Action                     |  1- 3 |  4- 6 || total
---------------------------+-------+-------++-------
   Fire: Shortbow          |    14 |   184 ||   198
    Use: Scroll            |       |     7 ||     7
 Armour: Leather armour    |     1 |    46 ||    47
  Dodge: Dodged            |       |    66 ||    66

Table legend: (Time is in decaauts)
 A = Elapsed time spent in this place.
 B = Non-inter-level travel time spent in this place.
 C = Inter-level travel time spent in this place.
 D = Time resting spent in this place.
 E = Time spent auto-exploring this place.
 F = Levels seen in this place.
 G = Mean time per level.
                   A        B        C        D        E       F      G
               +--------+--------+--------+--------+--------+-----+--------+
         Total |   2786 |   2688 |     98 |    240 |   2080 |   4 |  696.5 |
       Dungeon |   2786 |   2688 |     98 |    240 |   2080 |   4 |  696.5 |
               +--------+--------+--------+--------+--------+-----+--------+

Top non-repeatable levels by time:
     D:1: 981 daAuts
     D:2: 961 daAuts
     D:3: 742 daAuts
     D:4: 101 daAuts
